 Dungeon Crawl Stone Soup version 0.24.0-13-gcf9b319 (webtiles) character file.

Game seed: 10012866895197972225, levelgen mode: deterministic

245 Fang the Skirmisher (level 6, -5/39 HPs)
             Began as a Gargoyle Berserker on Dec 11, 2019.
             Was a Believer of Trog.
             Slain by an iguana (9 damage)
             ... on level 4 of the Dungeon.
             The game lasted 00:03:13 (2746 turns).

Fang the Skirmisher (Gargoyle Berserker)            Turns: 2746, Time: 00:03:14

Health: -5/39      AC:  9    Str: 22    XL:     6   Next: 10%
Magic:  6/6        EV: 12    Int:  8    God:    Trog [**....]
Gold:   190        SH:  0    Dex:  9    Spells: 5/5 levels left

rFire    . . .     SeeInvis .   a - +0 war axe
rCold    + . .     Gourm    .   (no shield)
rNeg     + + .     Faith    .   b - +0 animal skin
rPois    ∞         Spirit   .   (no helmet)
rElec    +         Reflect  .   i - +2 cloak {rPois}
rCorr    .         Harm     .   (no gloves)
MR       .....                  (no boots)
Stlth    +.........             (no amulet)
HPRegen  0.13/turn              m - ring of positive energy
MPRegen  0.10/turn              n - ring of protection from cold

@: berserk cooldown, slowed, very slow
A: negative energy resistance 1, electricity resistance, unbreathing,
petrification resistance, rot immunity, AC +4
a: Berserk, Trog's Hand, Renounce Religion


You were on level 4 of the Dungeon.
You worshipped Trog.
Trog was pleased with you.
You were not hungry.

You visited 1 branch of the dungeon, and saw 4 of its levels.

You collected 190 gold pieces.

Inventory:

Hand Weapons
 a - a +0 war axe (weapon)
Armour
 b - a +0 animal skin (worn)
 i - a +2 cloak of poison resistance (worn)
Jewellery
 m - a ring of positive energy (left hand)
 n - a ring of protection from cold (right hand)
Scrolls
 e - 6 scrolls of identify {unknown}
 g - a scroll of magic mapping {unknown}
 h - a scroll of random uselessness {unknown}
 j - a scroll of enchant weapon {unknown}
 o - a scroll of remove curse {unknown}
Potions
 d - a potion of haste {unknown}
 f - a potion of curing {unknown}
 l - a potion of heal wounds {unknown}
Comestibles
 c - 6 rations
 k - a chunk of flesh


   Skills:
 + Level 4.6 Fighting
 + Level 3.8 Axes
 + Level 3.8 Armour
 + Level 2.8 Dodging


You had 5 spell levels left.
You didn't know any spells.
Your spell library was empty.

Dungeon Overview and Level Annotations

Branches:
Dungeon (4/15)
 Temple: D:4-7

Altars:
Kikubaaqudgha
Nemelex Xobeh
Trog
Vehumet
Zin


Innate Abilities, Weirdness & Mutations

You are resistant to torment.
Your stone body is resilient. (AC +4)
You are immune to poison.
You resist negative energy. (rN+)
You are resistant to electric shocks. (rElec)
You can survive without breathing.
You are immune to petrification.
You are immune to rotting.


Message History

You miss the adder. The adder barely misses you.
The adder bites you but does no damage.
An iguana comes into view.
The adder bites you but does no damage.
The iguana moves out of view.
You barely miss the adder. The adder bites you but does no damage.
The adder closely misses you. The adder barely misses you.
You closely miss the adder. The adder bites you. The adder misses you.
The iguana hisses angrily.
You hit the adder but do no damage. The adder closely misses you.
The adder barely misses you. The adder bites you but does no damage.
You hit the adder but do no damage.
The adder bites you but does no damage. x2
You barely miss the adder. The adder bites you. The adder closely misses you.
The adder bites you but does no damage. The iguana misses you.
You miss the adder. You barely miss the iguana. The adder closely misses you.
The iguana bites you. The adder bites you. The iguana bites you!
* * * LOW HITPOINT WARNING * * *
You closely miss the adder. You hit the iguana but do no damage.
The adder bites you but does no damage. The adder closely misses you.
The iguana bites you!
You die...

# .# ##.##
####.....
####........
#####.......#
##........<..#
##..####.÷.#..##.#
#..## ###@S......
#.## ##l......
##.# #...... #..#
...... #..##
##.... ##...# ....
#....# ... #.#...#
#. ##.###..#


You could see an iguana and an adder.

Vanquished Creatures
  A howler monkey (D:4)
  Crazy Yiuf (D:2)
  Jessica (D:2)
  An iguana (D:4)
  3 gnolls (D:2)
  2 adders (D:3)
  An ooze (D:3)
  5 worms
  A dart slug (D:2)
  A leopard gecko (D:3)
  An orc (D:3)
  4 giant cockroaches
  5 goblins
  7 hobgoblins
  10 jackals
  A quokka (D:4)
  4 bats
  7 kobolds
  10 rats
  2 fungi (D:2)
68 creatures vanquished.

Notes
Turn   | Place    | Note
-------+----------+-------------------------------------------
     0 | D:1      | Fang the Gargoyle Berserker began the quest for the Orb.
     0 | D:1      | Reached XP level 1. HP: 14/14 MP: 1/1
   179 | D:1      | Reached XP level 2. HP: 15/19 MP: 2/2
   783 | D:2      | Reached XP level 3. HP: 16/23 MP: 3/3
   826 | D:2      | Found a bloodstained altar of Trog.
   833 | D:2      | Reached ** piety under Trog
  1143 | D:2      | Reached XP level 4. HP: 29/29 MP: 4/4
  1249 | D:2      | Reached skill level 4 in Fighting
  1270 | D:2      | Noticed Jessica
  1278 | D:2      | Killed Jessica
  1474 | D:2      | Found a runed translucent door.
  1475 | D:2      | Noticed Crazy Yiuf
  1482 | D:2      | Killed Crazy Yiuf
  1482 | D:2      | Reached XP level 5. HP: 33/33 MP: 5/5
  1574 | D:2      | Found a glowing silver altar of Zin.
  1612 | D:3      | Found a radiant altar of Vehumet.
  2187 | D:3      | Found a sparkling altar of Nemelex Xobeh.
  2372 | D:3      | Found an ancient bone altar of Kikubaaqudgha.
  2723 | D:4      | Reached XP level 6. HP: 25/39 MP: 6/6
  2746 | D:4      | Slain by an iguana

Levels and vault maps discovered:
D:1:      roderic_crossed_star, layout_basic
D:2:      layout_rooms, bloody_trog, zin_academy, uniq_jessica,
          uniq_crazy_yiuf_cottage
D:3:      layout_basic, overflow_temple_1_default, kiku_gazebo_garden_becter,
          fiery_altar_vehumet, first_ration, chequers_serial_rivers_large_a
D:4:      layout_loops_cross, portal_sewer_entry_b, serial_shops, shop,
          minmay_manual_moon

Skill      XL: |  1  2  3  4 |
---------------+-------------+-----
Axes           | 3 |  3.8
Dodging        | 2 |  2.8
Armour         | 3 |  3.8
Fighting       | 4 |  4.6

Action                   |  1- 3 |  4- 6 || total
-------------------------+-------+-------++-------
Melee: Hand axe          |    92 |   136 ||   228
       War axe           |       |    22 ||    22
Invok: Berserk           |     2 |     2 ||     4
  Eat: Chunk             |     1 |     9 ||    10
Armor: Animal skin       |    38 |    65 ||   103
Dodge: Dodged            |    82 |   118 ||   200
